AoeStats
← Quadless

Arena

504301798Analyzed
1v1 RM · 28d ago on Sep 4, 2026· 83m 27s· 2 players
Game mode
Random Map
Map size
Tiny (2 player)
Population
200
Speed
Normal
Resources
Standard
Victory
Conquest
Starting age
Dark Age
Ending age
Imperial Age
RankedLock teamsTeams togetherTeam positionsShared explorationLock speedFull tech treeHidden civsTurbo modeCheats
Victory
Defeat
🇨🇳 Britons · China
445
+19
🇩🇪 Franks · Germany
520
-29
UMMA KHAN
0:48 Loom
10:48 Feudal Age
11:22 Double-Bit Axe
11:32 Gold Mining
12:18 Wheelbarrow
11:29 Horse Collar
18:42 Castle Age
17:06 Scale Mail Armor
17:34 Forging
17:22 Town Watch
19:40 Bow Saw
19:34 Heavy Plow
20:15 Gold Shaft Mining
19:46 Pikeman
20:45 Squires
22:36 Fervor
24:56 Stone Mining
26:59 Hand Cart
27:30 Fortified Wall
31:04 Imperial Age
29:27 Padded Archer Armor
29:18 Fletching
29:44 Chain Mail Armor
30:22 Iron Casting
29:37 Treadmill Crane
30:42 Leather Archer Armor
30:16 Arson
31:33 Bodkin Arrow
32:08 Conscription
32:53 Two-Man Saw
32:05 Town Patrol
32:36 Ballistics
32:51 Warwolf
33:40 Plate Mail Armor
34:15 Ring Archer Armor
35:08 Siege Engineers
35:00 Murder Holes
35:48 Bracer
36:48 Blast Furnace
36:07 Guilds
36:45 Masonry
36:15 Halberdier
37:54 Yeomen
38:10 Scale Barding Armor
37:52 Elite Longbowman
39:08 Hoardings
38:05 Sappers
39:24 Gambesons
38:59 Man-at-Arms
40:25 Architecture
40:56 Chemistry
39:48 Guard Tower
39:43 Arrowslits
40:54 Chain Barding Armor
42:54 Plate Barding Armor
43:53 Herbal Medicine
43:59 Devotion
46:46 Long Swordsman
48:27 Keep
47:43 Heated Shot
48:28 Two-Handed Swordsman
54:52 Husbandry
54:13 Light Cavalry
56:00 Cavalier
62:10 Faith
67:54 Heavy Scorpion
68:36 Onager
73:29 Illumination
73:19 Block Printing
73:40 Theocracy
73:26 Sanctity
76:24 Capped Ram
76:51 Champion
Quadless
10:18 Feudal Age
10:27 Feudal Age
14:12 Double-Bit Axe
19:05 Castle Age
18:42 Scale Barding Armor
23:08 Forging
23:06 Gold Mining
24:09 Loom
29:41 Scale Mail Armor
31:15 Husbandry
32:21 Stone Mining
47:30 Imperial Age
46:54 Chain Barding Armor
46:50 Chain Mail Armor
47:31 Gold Shaft Mining
48:34 Wheelbarrow
49:46 Cavalier
52:26 Paladin
54:34 Bow Saw
57:16 Plate Barding Armor
57:17 Iron Casting
59:51 Chivalry
59:17 Capped Ram
63:50 Blast Furnace
70:38 Plate Mail Armor
74:12 Illumination
75:27 Ballistics
76:09 Chemistry
Connection lost

Rejoining the realm…

Still unreachable

The connection could not be restored.

Session expired

The server has moved on; the page needs a fresh start.